 Dungeon Crawl Stone Soup version 0.14-a0-1765-g49ce880 (webtiles) character file.

939 HollowCharge the Shield-Bearer (level 7, 0/66 HPs)
             Began as a Deep Dwarf Fighter on Jan 5, 2014.
             Was a Follower of Elyvilon.
             Slain by an orc warrior
             ... wielding a -1,+1 orcish vampiric halberd
              (16 damage)
             ... on Level 6 of the Dungeon.
             The game lasted 00:29:17 (4505 turns).

HollowCharge the Shield-Bearer (Deep Dwarf Fighter) Turns: 4505, Time: 00:29:17

HP   0/66        AC  9     Str 22      XL: 7   Next: 60%
MP   8/8         EV  8     Int 12      God: Elyvilon [*.....]
Gold 135         SH 23     Dex 12      Spells:  0 memorised,  6 levels left

rFire  . . .     SeeInvis .     t - +0 broad axe
rCold  . . .     Clarity  .     j - +1 orc ring mail {rPois}
rNeg   . . .     Conserve .     c - +0 dwarf shield
rPois  +         rCorr    .     m - +0 orc helmet
rElec  .         rRot     .     g - +0 cloak
SustAb . .       Spirit   .     (no gloves)
rMut   .         Warding  .     (no boots)
Saprov . . .     Stasis   .     (no amulet)
                                y - ring of poison resistance
                                p - +4 ring of intelligence

@: non-regenerating, somewhat resistant to hostile enchantments, very unstealthy
A: damage resistance, recharge devices, sense surroundings 1, slow healing 3
a: Device Recharging, Lesser Healing, Lesser Self-Healing, Divine Protection,
Renounce Religion


You were on level 6 of the Dungeon.
You worshipped Elyvilon.
Elyvilon was aware of your devotion.
You were not hungry.

You visited 1 branch of the dungeon, and saw 6 of its levels.

You collected 148 gold pieces.
You donated 13 gold pieces.

Inventory:

Hand weapons
 a - a +0,+0 dwarven hand axe
 t - a +0,+0 broad axe (weapon)
 v - a +0,+1 war axe
Armour
 c - a +0 dwarven shield (worn)
 g - a +0 cloak (worn)
 j - a +1 orcish ring mail of poison resistance (worn)
 m - a +0 orcish helmet (worn)
Magical devices
 d - a wand of heal wounds (0)
 h - a wand of paralysis (16) {unknown}
 i - a wand of heal wounds (4)
 l - a wand of frost (9) {unknown}
 u - a wand of slowing (11) {unknown}
Comestibles
 b - an apple
 f - 3 bread rations
 n - 2 meat rations
 s - a royal jelly
Scrolls
 k - a scroll of enchant armour {unknown}
Jewellery
 p - a +4 ring of intelligence (left hand)
 x - an uncursed ring of wizardry {unknown}
 y - a ring of poison resistance (right hand)
 z - an uncursed amulet of clarity {unknown}
Potions
 o - a potion of might
 w - a potion of magic {unknown}
Magical staves
 e - an uncursed staff of fire {unknown}


   Skills:
 * Level 4.7 Fighting
 * Level 5.0 Axes
 + Level 5.2 Armour
 + Level 1.5 Stealth
 + Level 5.6 Shields
 + Level 1.3 Invocations
 + Level 1.1 Evocations


You had 6 spell levels left.
You didn't know any spells.

Dungeon Overview and Level Annotations

Branches:
Dungeon (6/16)             Temple (0/1) D:5

Altars:
Cheibriados
Elyvilon
Fedhas
Zin


Innate Abilities, Weirdness & Mutations

You are resistant to damage.
You can recharge devices by infusing magical energy.
You passively map a small area around you.
You do not heal naturally.


Message History

* * * LOW HITPOINT WARNING * * *
You slash the orc warrior!
The orc warrior is moderately wounded.
You block the orc warrior's attack.
You closely miss the orc warrior.
The orc warrior is moderately wounded.
You block the orc warrior's attack.
You barely miss the orc warrior.
The orc warrior is moderately wounded.
You block the orc warrior's attack.
You hit the orc warrior.
The orc warrior is heavily wounded.
You block the orc warrior's attack.
You hit the orc warrior.
The orc warrior is heavily wounded.
The orc warrior closely misses you.
You hit the orc warrior.
The orc warrior is severely wounded.
The orc warrior hits you with a runed orcish halberd!
You die...

####.#. ### *
#....#. ... ,
#.####.##
.#.# #.#
##.#####.##.#
,** #(#
#..>..#.# #.#
,
#.####.#.<..#
#.# ** *
#..........#
#o#
######.#.#.#
#o# , #.....#
#@# * ###.###
#.# *
#.#######.#
#.........#
###########


You could see an orc warrior and an orc.

Vanquished Creatures
  An ice beast (D:5)
  A sky beast (D:5)
  A phantom (D:4)
  A centaur (D:5)
  A giant frog skeleton (D:4)
  2 crimson imps (D:5)
  A hound (D:5)
  An orc wizard (D:4)
  An orc priest (D:5)
  2 worker ants
  4 gnolls (D:6)
  7 adders
  2 giant mites
  3 worms
  A giant eyeball (D:4)
  7 giant geckos
  6 orcs
  10 bats
  A bat skeleton (D:4)
  2 giant cockroaches
  11 hobgoblins
  12 jackals
  A quokka (D:5)
  2 ball pythons
  A giant gecko skeleton (D:5)
  4 giant newts
  8 goblins
  7 kobolds
  9 rats
110 creatures vanquished.

Vanquished Creatures (others)
  An orc wizard (D:5)
  An orc (D:5)
2 creatures vanquished.

Grand Total: 112 creatures vanquished

Notes
Turn   | Place    | Note
--------------------------------------------------------------
     0 | D:1      | HollowCharge, the Deep Dwarf Fighter, began the quest for the Orb.
     0 | D:1      | Reached XP level 1. HP: 20/20 MP: 1/1
   865 | D:2      | Reached XP level 2. HP: 22/27 MP: 2/2
   958 | D:2      | Found a glowing silver altar of Zin.
   976 | D:2      | Became a worshipper of Zin the Law-Giver
  1006 | D:2      | Found a snail-covered altar of Cheibriados.
  1058 | D:2      | Reached XP level 3. HP: 21/34 MP: 3/3
  1589 | D:3      | Acquired Zin's first power
  1679 | D:3      | Reached XP level 4. HP: 23/42 MP: 4/4
  1761 | D:3      | Reached skill level 4 in Armour
  2682 | D:4      | Reached XP level 5. HP: 23/49 MP: 5/5
  3014 | D:5      | Entered Level 5 of the Dungeon
  3022 | D:5      | Found a blossoming altar of Fedhas.
  3141 | D:5      | Found a white marble altar of Elyvilon.
  3308 | D:5      | Fell from the grace of Zin
  3308 | D:5      | Became a worshipper of Elyvilon the Healer
  3412 | D:5      | Acquired Elyvilon's first power
  3592 | D:5      | Found a staircase to the Ecumenical Temple.
  3643 | D:5      | Reached XP level 6. HP: 34/57 MP: 6/6
  3657 | D:5      | Noticed a centaur
  3665 | D:5      | Killed a centaur
  3741 | D:5      | Reached skill level 5 in Armour
  3741 | D:5      | Reached skill level 5 in Shields
  3841 | D:5      | Noticed an ice beast
  3854 | D:5      | Killed an ice beast
  3854 | D:5      | Reached XP level 7. HP: 21/66 MP: 7/7
  3954 | D:4      | Paralysed by a giant eyeball for 2 turns
  3957 | D:4      | Paralysed by a giant eyeball for 4 turns
  4068 | D:4      | Noticed a phantom
  4095 | D:4      | Reached skill level 1 in Stealth
  4114 | D:4      | Killed a phantom
  4114 | D:4      | Reached skill level 1 in Invocations
  4114 | D:4      | Reached skill level 1 in Evocations
  4398 | D:6      | Reached skill level 5 in Axes
  4505 | D:6      | Slain by an orc warrior

Action                   |  1- 3 |  4- 6 |  7- 9 || total
-------------------------+-------+-------+-------++-------
Melee: Hand axe          |   139 |   128 |       ||   267
       Broad axe         |       |    71 |    74 ||   145
Evoke: Wand              |       |     3 |     2 ||     5
  Use: Scroll            |     3 |     7 |       ||    10
       Potion            |       |     4 |     2 ||     6
